Unix NetHack Version 5.0.0-0 post-release - last build May 23 2026 06:08:33 (1c0ff79ee797540d5714e4e18072db0edd9e58ae,branch:main).

Game began 2026-05-27 06:04:12, ended 2026-05-27 06:19:04.

Atomicjoy, chaotic male elven Wizard

  --------------                               -----
  |............|                               |...|
  |............+               -------      ###-...|
  |............|               |.....|    ###  |.(..##
  |....<.......|               |......#####    |...|#####                 ----
  |............|               |.....|         --|--####-+--.--           |{.|
  -----.-----+--               -.-----           ####  #..@S..|           |..|
       ###                      #                       |.SS..-#####      |..|
         #                      #                       |....{|    #######-..|
         ##                     ######                  |.....|           ----
          #                          ###                -------
          #               -------------.--
     -----.------         |......>........#####
     |..........|         |..............|
     |...........#########...............|
     |..........|         |...._.........|
     |..........|         ----------------
     ------------

Atomicjoy the Evoker      St:12 Dx:11 Co:12 In:20 Wi:10 Ch:10  Chaotic
Dlvl:1  $:139 HP:0(18) Pw:18(18) AC:8  Xp:2 T:1394 

Latest messages:
 What do you want to sacrifice? [C or ?*] C
 Your sacrifice is consumed in a burst of flame!
 A dagger lands on the altar.
 There is a black flash as 2 elven daggers hit the altar.
 You cannot drop something you are wearing.
 2 tripe rations land on the altar.
 An egg lands on the altar.
 A scroll labeled MAPIRO MAHAMA DIROMAT lands on the altar.
 A checkered spellbook lands on the altar.
 A cloudy potion lands on the altar.
 An empty bag lands on the altar.
 A - an uncursed dagger.
 y - 2 cursed elven daggers.
 z - 2 uncursed tripe rations.
 t - an uncursed egg.
 s - an uncursed scroll labeled MAPIRO MAHAMA DIROMAT.
 B - an uncursed checkered spellbook.
 v - an uncursed cloudy potion.
 w - an empty uncursed bag.
 You begin bashing monsters with your bare hands.
 You hit the grid bug.
 The grid bug bites!
 You avoid harm.
 What do you want to wield? [- ayA or ?*] a
 a - a blessed +1 quarterstaff (weapon in hands).
 The grid bug misses!
 You miss the grid bug.
 The grid bug bites!
 You avoid harm.
 You miss the grid bug.
 The grid bug bites!
 You avoid harm.
 You kill the grid bug!
 You kill the newt!
 You see here a newt corpse.
 There is a newt corpse here; eat it? [ynq] (n) y
 This newt corpse is fatty.
 You finish eating the newt corpse.
 You feel a mild buzz.
 You see here an empty unlocked chest.
 What do you want to dip? [a-kn-qs-wyzAB or ?*] ?
 Dip an uncursed potion of sickness into the fountain? [yn] (n) y
 Your potion of sickness dilutes.
 An endless stream of snakes pours forth!
 The water moccasin bites!
 The water moccasin bites!
 The water moccasin bites!
 The water moccasin's bite was poisoned!
 You die...
 Do you want your possessions identified? [ynq] (y) q

Inventory:
 Coins    ('$')
  $ - 139 gold pieces
 Weapons  (')')
  A - a +0 dagger
  y - 2 cursed +0 elven daggers
  a - a blessed +1 quarterstaff (weapon in hands)
 Armor    ('[')
  u - an uncursed +0 pair of jumping boots (being worn)
  b - an uncursed +0 cloak of magic resistance (being worn)
 Comestibles  ('%')
  z - 2 uncursed tripe rations
  t - an uncursed egg
 Scrolls  ('?')
  i - an uncursed scroll of destroy armor
  s - an uncursed scroll of enchant weapon
  j - an uncursed scroll of magic mapping
  k - an uncursed scroll of taming
 Spellbooks  ('+')
  B - an uncursed spellbook of teleport away
 Potions  ('!')
  f - an uncursed potion of booze
  p - a cursed potion of enlightenment
  v - an uncursed potion of gain ability
  g - an uncursed potion of healing
  h - an uncursed diluted potion of sickness
 Rings    ('=')
  e - an uncursed +2 ring of increase accuracy
  d - an uncursed ring of warning
 Wands    ('/')
  c - a wand of light (0:14)
 Tools    ('(')
  w - an empty uncursed bag of holding
  o - an uncursed wooden harp
  n - a magic marker (0:21)
 Gems/Stones  ('*')
  q - an uncursed worthless piece of green glass

Atomicjoy the Wizard's attributes:

Background:
 You were an Evoker, a level 2 male elven Wizard.
 You were chaotic, on a mission for Anhur
 who was opposed by Ptah (lawful) and Thoth (neutral).
 You were right-handed.
 You were in the Dungeons of Doom, on level 1.
 You entered the dungeon 1394 turns ago.
 You had 33 experience points, 7 more were needed to attain level 3.

Basics:
 You had 0 out of 18 hit points.
 You had all 18 energy points (spell power).
 Your armor class was 8.
 Your wallet contained 139 zorkmids.
 Autopickup was off.

Final Characteristics:
 Your strength was 12 (limit:18).
 Your dexterity was 11 (limit:18).
 Your constitution was 12 (limit:16).
 Your intelligence was 20 (limit:20).
 Your wisdom was 10 (limit:20).
 Your charisma was 10 (limit:18).

Final Status:
 You weren't hungry.
 You were unencumbered.
 You were wielding a quarterstaff.
 You had basic skill with quarterstaff.

Final Attributes:
 You were devoutly aligned.
 You were magic-protected.
 You had infravision.
 You could jump.
 You were warded.
 You are dead.

Miscellaneous:
 You didn't encounter any bones levels.
 Total elapsed playing time was 14 minutes and 51 seconds.

Major events:
 Turn
    1: Atomicjoy the chaotic male elven Wizard entered the dungeon
  931: entered the Gnomish Mines
 1394: killed by a water moccasin

Spells:
 Name                 Level Category     Fail Retention
 force bolt             1   attack         0%  91%-100%
 confuse monster        1   enchantment    0%  91%-100%

Skills:
 Fighting Skills
   bare handed combat [Unskilled]
   riding             [Unskilled]
 Weapon Skills
   dagger             [Unskilled]
   knife              [Unskilled]
   axe                [Unskilled]
   short sword        [Unskilled]
   club               [Unskilled]
   mace               [Unskilled]
   quarterstaff       [Basic]
   polearms           [Unskilled]
   spear              [Unskilled]
   trident            [Unskilled]
   sling              [Unskilled]
   dart               [Unskilled]
   shuriken           [Unskilled]
 Spellcasting Skills
   attack spells      [Basic]
   healing spells     [Unskilled]
   divination spells  [Unskilled]
   enchantment spells [Basic]
   clerical spells    [Unskilled]
   escape spells      [Unskilled]
   matter spells      [Unskilled]

Voluntary challenges:
 Character rerolling was not enabled.
 You were illiterate.
 You never genocided any monsters.
 You never polymorphed an object.
 You never changed form.
 You used no wishes.
Achievements:
 You entered a shop.
 You entered the Gnomish Mines.

 The Dungeons of Doom: levels 1 to 4
    Level 1: <- You were here.
       An altar to Anhur, some fountains.
       Final resting place for
          you, killed by a water moccasin.
    Level 2:
       A general store, some fountains.
    Level 3:
       A ring shop.
       Stairs down to The Gnomish Mines.
    Level 4:
 The Gnomish Mines:
    Level 4:


Vanquished creatures:
 an acid blob
  3 hobbits
  a yellow mold
  8 jackals
  2 goblins
  2 sewer rats
  5 grid bugs
  2 lichens
  a newt
25 creatures vanquished.

No species were genocided or became extinct.

Game over:
                       ----------
                      /          \
                     /    REST    \
                    /      IN      \
                   /     PEACE      \
                  /                  \
                  |    Atomicjoy     |
                  |      139 Au      |
                  |   killed by a    |
                  |  water moccasin  |
                  |                  |
                  |                  |
                  |       2026       |
                 *|     *  *  *      | *
        _________)/\\_//(\/(/\)/\//\/|_)_______

Goodbye Atomicjoy the Wizard...

You died in The Dungeons of Doom on dungeon level 1 with 408 points,
and 139 pieces of gold, after 1394 moves.
You were level 2 with a maximum of 18 hit points when you died.

